 Dungeon Crawl Stone Soup version 0.17.0-56-gd8de76c (webtiles) character file.

539 coffecat the Covered (level 7, -2/53 (57) HPs)
             Began as a Ghoul Warper on Dec 5, 2015.
             Was an Initiate of Trog (penitent).
             Shot with an arrow by a centaur (8 damage)
             ... on level 5 of the Dungeon.
             The game lasted 00:17:29 (4383 turns).

coffecat the Covered (Ghoul Warper)                 Turns: 4383, Time: 00:17:29

HP:   -2/53 (57)    AC:  9    Str: 17    XL:     7   Next: 26%
MP:   9/9           EV:  7    Int:  8    God:    Trog [*]
Gold: 54            SH:  3    Dex:  8    Spells: 2 memorised, 7 levels left

rFire  . . .     SeeInvis .     y - +4 spear
rCold  + . .     Clarity  .     v - +0 chain mail
rNeg   + + +     SustAt   .     l - +0 buckler
rPois  ∞         Gourm    .     (no helmet)
rElec  .         Spirit   .     (no cloak)
rCorr  .         Warding  .     (no gloves)
rMut   .         Stasis   .     (no boots)
MR     .....                    (no amulet)
Stlth  ..........               (no ring)
                                n - ring of poison resistance

@: rotting, not resistant to hostile enchantments, extremely unstealthy
A: rotting body, claws 1, carnivore 3, cold resistance 1, negative energy
resistance 3, slow regeneration 1, torment resistance, unbreathing
a: Burn Spellbooks, Renounce Religion


You were on level 5 of the Dungeon.
You worshipped Trog.
Trog was demanding penance.
You were hungry.

You visited 1 branch of the dungeon, and saw 5 of its levels.

You collected 144 gold pieces.
You spent 90 gold pieces at shops.

Inventory:

Hand Weapons
 y - a +4 spear (weapon)
 E - a +0 shortbow
Missiles
 d - 5 tomahawks of dispersal (quivered)
 z - 4 tomahawks
 F - 25 arrows
Armour
 l - a +0 buckler (worn)
 v - a +0 chain mail (worn)
Jewellery
 n - a ring of poison resistance (left claw)
Scrolls
 c - 3 scrolls of blinking
 h - 5 scrolls of teleportation
 o - 2 scrolls of recharging
 p - 2 scrolls of immolation
 s - a scroll of remove curse
 t - 2 scrolls of identify
 w - 2 scrolls of fear
 D - a scroll of vulnerability {unknown}
Potions
 a - a potion of poison {unknown}
 f - a potion of invisibility {unknown}
 g - a potion of haste {unknown}
 j - a potion of curing
 k - a potion of magic {unknown}
 m - 2 potions of degeneration {unknown}
 q - a potion of beneficial mutation {unknown}
 r - a potion of lignification {unknown}
Books
 b - a book of Spatial Translocations

   Spells                             Type                      Level
   a - Apportation                    Translocation                1
   b - Blink                          Translocation                2
   c - Shroud of Golubria             Charms/Translocation         2
   d - Portal Projectile              Translocation                3
   e - Teleport Other                 Translocation                3
   f - Passage of Golubria            Translocation                4
   Trog disapproves of the use of such an item.
Comestibles
 e - a meat ration
 i - a slice of pizza
 u - a beef jerky
 x - 2 royal jellies
 A - 6 fruits
 B - a bread ration


   Skills:
 + Level 3.1 Fighting
 * Level 2.4 Polearms
 * Level 0.1 Bows
 + Level 1.0 Throwing
 * Level 5.0 Armour
 - Level 2.0 Dodging
 + Level 1.0 Shields
 - Level 2.6 Unarmed Combat
 - Level 2.2 Spellcasting
 - Level 3.1 Translocations


You had 7 spell levels left.
You knew the following spells:

 Your Spells              Type           Power        Failure   Level  Hunger
a - Apportation           Tloc           #.........   99%         1    ##.....
b - Blink                 Tloc           N/A          100%        2    ###....


Dungeon Overview and Level Annotations

Branches:
Dungeon (5/15)
 Temple: D:4-7

Altars:
Fedhas
Trog
Zin


Innate Abilities, Weirdness & Mutations

Your body is rotting away.
You thrive on raw meat.
You are immune to poison.
You have sharp fingernails.
You are carnivorous and can eat meat at any time.
Your flesh is cold resistant.
You are immune to negative energy.
You regenerate slowly when monsters are visible.
You are immune to unholy pain and torment.
You can survive without breathing.


Message History

The adder barely misses you.
You puncture the adder!
You kill the adder!
Trog accepts your kill.
Your Armour skill increases to level 5!
A centaur comes into view.
The centaur shouts!
The centaur wields a shortbow.
The centaur shoots an arrow.
The arrow hits you!
The centaur shoots an arrow.
The arrow hits you.
The centaur shoots an arrow.
The arrow barely misses you.
You see here 2 arrows.
The centaur shoots an arrow.
The arrow hits you!
* * * LOW HITPOINT WARNING * * *
There is an open door here.
You see here an arrow.
There's something blocking the doorway.
The centaur shoots an arrow.
The arrow hits you!
* * * LOW HITPOINT WARNING * * *
The centaur shoots an arrow.
The arrow hits you!
You die...

######### #.......#
#.......# #.......#
#.......# #.......# ######
##########.......# #.....
#.......##.......####.####
+.......(@.......'........
#..c....##.......####.##..
#.......##.......# #.....
#.......########## #####'
#.......# #. #.......# #.
######### #. #. #.


You could see a centaur.

Vanquished Creatures
  A phantom (D:4)
  A centaur (D:5)
  A jelly (D:3)
  A hound (D:3)
  3 orc priests
  An orc wizard (D:3)
  2 worker ants (D:5)
  A hound skeleton (D:4)
  4 adders
  2 oozes
  An adder skeleton (D:4)
  3 worms
  A giant gecko (D:5)
  15 orcs
  5 goblins
  8 hobgoblins
  4 jackals
  A quokka (D:5)
  A ball python (D:1)
  7 bats
  3 giant cockroaches
  6 giant newts
  8 kobolds
  A quokka skeleton (D:3)
  6 rats
87 creatures vanquished.

Notes
Turn   | Place    | Note
--------------------------------------------------------------
     0 | D:1      | coffecat the Ghoul Warper began the quest for the Orb.
     0 | D:1      | Reached XP level 1. HP: 17/17 MP: 2/2
   387 | D:1      | Reached skill level 1 in Throwing
   471 | D:1      | Reached XP level 2. HP: 21/23 MP: 3/3
   539 | D:1      | Reached skill level 3 in Translocations
   989 | D:2      | Reached skill level 1 in Armour
   989 | D:2      | Reached XP level 3. HP: 21/28 MP: 5/5
  1362 | D:3      | Found Zin's Purification Station.
  1365 | D:3      | Found a glowing silver altar of Zin.
  1387 | D:3      | Bought a potion of curing for 90 gold pieces
  1397 | D:3      | Found a blossoming altar of Fedhas.
  1409 | D:3      | Reached XP level 4. HP: 21/35 MP: 6/6
  1928 | D:3      | Reached XP level 5. HP: 17/39 MP: 7/7
  2710 | D:3      | Reached skill level 1 in Polearms
  3316 | D:3      | Reached XP level 6. HP: 28/49 MP: 8/8
  3563 | D:4      | Noticed a phantom
  3617 | D:4      | Killed a phantom
  3617 | D:4      | Reached skill level 4 in Armour
  3785 | D:4      | Found a bloodstained altar of Trog.
  3790 | D:4      | Became a worshipper of Trog the Wrathful
  3804 | D:5      | Entered Level 5 of the Dungeon
  4054 | D:5      | Reached skill level 1 in Shields
  4054 | D:5      | Reached XP level 7. HP: 32/53 MP: 9/9
  4205 | D:5      | Was placed under penance by Trog
  4208 | D:5      | Learned a level 2 spell: Blink
  4377 | D:5      | Reached skill level 5 in Armour
  4383 | D:5      | Shot with an arrow by a centaur

Action                   |  1- 3 |  4- 6 |  7- 9 || total
-------------------------+-------+-------+-------++-------
Melee: Unarmed           |   109 |       |       ||   109
       Dagger            |     4 |    29 |       ||    33
       Spear             |       |   260 |    20 ||   280
 Cast: Apportation       |     3 |       |       ||     3
  Use: Scroll            |     6 |     1 |       ||     7
       Potion            |       |     2 |       ||     2
  Eat: Chunk             |     1 |     5 |       ||     6
       Meat ration       |       |     1 |       ||     1
